Map: 프라이드 오브 알타리스 - 래더

Players

Dream - Winner!

  • Race: Terran Terran
  • League: Master

DPGRogue (Rogue)

  • Race: Zerg Zerg

Event: DreamHack SC2 Masters Last Chance 2022

VOD

Have the link to the VOD?

Description

Time

  • Played on: Dec. 15, 2021, 5:47 a.m.
  • Length: 8:49

All games in this series

Show
View Real Time Build Order
Export as new Build Order

Dream Terran - Winner!

Build Orders: Gas First Reaper Expand, Hellion Opening 

Get SALT Encoding   

  12  0:00  SCV  
  13  0:12  SCV  
  14  0:16  Supply Depot  
  14  0:24  SCV  
  15  0:29  Refinery  
  15  0:38  SCV  
  16  0:43  Barracks  
  16  0:50  SCV  
  17  1:02  SCV  
  18  1:14  SCV  
  19  1:29  Orbital Command  
  19  1:30  Reaper  
  20  1:40  Command Center  
  20  1:50  Factory  
  20  1:55  SCV  
  21  2:05  Supply Depot  
  21  2:06  Barracks Reactor  
  21  2:07  SCV  
  22  2:19  SCV  
  23  2:25  Refinery  
  23  2:31  SCV  
  24  2:43  SCV  
  24  2:44  Starport  
  25  2:46  Hellion x2  
  29  2:52  Orbital Command  
  29  2:55  SCV  
  29  2:56  Barracks Tech Lab  
  30  3:08  Hellion x2  
  30  3:09  SCV  
  35  3:18  Stimpack  
  35  3:20  SCV  
  35  3:21  Marine  
  35  3:22  SCV  
  35  3:26  Viking  
  40  3:32  SCV  
  42  3:34  SCV  
  42  3:39  Supply Depot  
  42  3:40  Hellion  
  44  3:43  Hellion  
  46  3:53  Barracks  
  46  3:55  SCV, Marine  
  46  3:59  SCV  
  44  4:07  SCV  
  45  4:10  Barracks  
  45  4:11  SCV, Starport Reactor  
  45  4:15  Supply Depot  
  45  4:16  Factory Tech Lab  
  46  4:18  Marine  
  46  4:19  SCV  
  46  4:23  SCV, Engineering Bay  
  46  4:24  Refinery  
  49  4:31  SCV  
  49  4:35  SCV  
  49  4:37  Siege Tank  
  54  4:38  Supply Depot  
  54  4:43  SCV  
  55  4:46  Marine  
  55  4:49  SCV  
  57  4:52  Marine  
  57  4:53  Marine  
  57  4:55  SCV, Starport Reactor  
  57  4:59  Barracks x2  
  60  5:03  Supply Depot  
  60  5:04  Marine x2  
  60  5:06  Marine  
  63  5:09  Supply Depot  
  63  5:14  Siege Tank  
  66  5:18  Combat Shield  
  66  5:20  Terran Infantry Weapons Level 1  
  66  5:25  Refinery, Marine x2  
  66  5:26  Marine x2  
  70  5:30  Marine  
  70  5:33  Supply Depot  
  71  5:37  Medivac  
  71  5:38  Medivac  
  75  5:44  Marine  
  75  5:45  Marine  
  75  5:47  Marine x4  
  75  5:48  Marine  
  82  5:55  Supply Depot  
  82  6:02  Siege Tank, Marine x2  
  87  6:05  Marine x2  
  87  6:09  Liberator, Medivac  
  94  6:16  Marine x2  
  94  6:18  Supply Depot  
  96  6:21  Marine x2  
  96  6:23  Marine  
  96  6:24  Marine  
  101  6:27  Supply Depot  
  101  6:28  Marine  
  101  6:44  Marine  
  101  6:46  Marine x4  
  106  6:47  Marine  
  106  6:48  Marine  
  98  7:01  Siege Tank  
  98  7:02  Marine  
  98  7:04  Marine x4  
  98  7:05  Marine x2  
  98  7:06  Medivac  
  98  7:07  Medivac  
  96  7:20  Marine  
  96  7:21  Marine  
  96  7:22  Marine x3  
  92  7:23  Marine x2  
  94  7:33  Siege Tank  
  97  7:37  Marine  
  97  7:39  Marine x4  
  97  7:41  Marine x2  
  97  7:43  Medivac  
  103  7:55  Marine  
  103  7:57  Marine x3  
  103  7:58  Marine  
  99  7:59  Marine x2  
  96  8:06  Siege Tank  
  99  8:13  Marine  
  99  8:15  Marine x3  
  99  8:16  Marine  
  99  8:19  Marine x2  
Show
View Real Time Build Order
Export as new Build Order

DPGRogue Zerg 

Build Orders: Pool First 

Get SALT Encoding   

  12  0:00  Drone  
  13  0:12  Overlord  
  13  0:16  Drone  
  14  0:30  Drone x2  
  14  0:34  Drone  
  17  0:44  Extractor  
  17  0:45  Drone  
  17  0:49  Spawning Pool  
  16  0:55  Drone  
  17  1:06  Drone  
  18  1:17  Hatchery  
  17  1:21  Drone  
  18  1:35  Queen  
  18  1:36  Zergling x2  
  18  1:39  Zergling x2  
  22  1:45  Metabolic Boost  
  22  1:51  Overlord  
  22  2:11  Drone x2, Queen  
  26  2:21  Drone  
  28  2:30  Drone  
  28  2:33  Drone  
  29  2:37  Hatchery  
  29  2:43  Drone x2  
  30  2:45  Drone  
  31  2:51  Drone  
  31  2:55  Queen  
  33  2:59  Overlord  
  33  3:05  Drone x2  
  34  3:14  Zergling x4  
  34  3:19  Zergling x2  
  37  3:22  Queen  
  37  3:26  Drone x4  
  43  3:34  Overlord  
  43  3:37  Zergling x2  
  44  3:49  Queen  
  44  3:51  Zergling x4  
  44  3:53  Drone x2  
  50  3:56  Drone  
  50  3:57  Drone  
  50  4:00  Drone  
  50  4:02  Drone  
  53  4:05  Queen  
  53  4:06  Drone x2  
  57  4:10  Overlord  
  57  4:11  Overlord  
  57  4:18  Overlord  
  57  4:27  Queen x2  
  57  4:28  Overlord  
  57  4:31  Drone x5  
  66  4:32  Drone  
  66  4:33  Drone  
  68  4:39  Drone x4  
  68  4:43  Drone x3  
  75  4:46  Queen  
  75  4:52  Spore Crawler  
  76  4:53  Zergling x4  
  76  4:54  Drone x2  
  80  5:01  Evolution Chamber, Overlord  
  80  5:02  Evolution Chamber  
  78  5:09  Drone x3, Overlord x2  
  78  5:11  Overlord  
  81  5:15  Extractor  
  81  5:16  Extractor x2  
  81  5:18  Overlord  
  81  5:20  Drone  
  81  5:21  Drone x2, Overlord  
  81  5:23  Spore Crawler  
  80  5:31  Drone x2  
  80  5:32  Drone  
  80  5:34  Spore Crawler  
  82  5:39  Lair  
  82  5:40  Zerg Ground Armor Level 1  
  82  5:41  Zerg Melee Weapons Level 1  
  82  5:42  Drone, Spore Crawler  
  82  5:47  Queen x2  
  86  5:50  Drone x2  
  86  5:51  Drone  
  86  5:52  Drone  
  90  5:57  Drone  
  90  5:58  Drone x3  
  94  6:05  Baneling Nest  
  94  6:06  Zergling x10  
  94  6:10  Overlord  
  98  6:15  Zergling x4  
  98  6:16  Zergling x8  
  104  6:20  Overlord  
  104  6:30  Zergling x8  
  107  6:38  Zergling x8  
  107  6:39  Queen  
  111  6:43  Hatchery  
  111  6:45  Queen  
  110  6:54  Zergling x2  
  110  6:55  Zergling x14  
  110  6:56  Zergling x2  
  110  6:59  Baneling x5  
  110  7:01  Zergling x2  
  117  7:03  Zergling x8  
  117  7:04  Queen  
  109  7:09  Centrifugal Hooks  
  109  7:15  Zergling x2, Queen  
  105  7:18  Zergling x2  
  105  7:19  Zergling x12  
  105  7:20  Zergling x2  
  105  7:22  Baneling x7  
  108  7:28  Zergling x2  
  109  7:30  Queen  
  108  7:38  Zergling x6  
  108  7:39  Queen  
  108  7:43  Zergling x6  
  111  7:45  Overseer  
  111  7:47  Baneling  
  111  7:48  Baneling x2  
  111  7:49  Zergling x4  
  111  7:51  Queen  
  113  7:52  Zergling x2  
  113  7:56  Zergling x6  
  108  7:59  Queen  
  108  8:00  Zergling x2  
  108  8:01  Zergling x4  
  108  8:03  Zergling x2  
  108  8:04  Zergling x2  
  110  8:06  Zergling x2, Queen  
  110  8:07  Zergling x8  
  111  8:14  Zergling x2  
  111  8:16  Baneling  
  111  8:17  Baneling x2  
  111  8:18  Zergling x8  
  111  8:19  Zergling x2  
  112  8:20  Zergling x2  
  111  8:28  Zergling x6  

Tags
 
Add a new tag
Caveats
  • Supply blocks, unpowered buildings, or Contaminate may cause inaccurate times.
  • Supply counts are checked every 10 seconds.